 Dungeon Crawl Stone Soup version 0.31.0-32-g396128a36d (webtiles) character file.

Game seed: 13260947331482716659

212 spaghetti the Caller (level 5, -9/39 (42) HPs)
             Began as a Naga Summoner on Mar 8, 2024.
             Killed by miscasting Animate Dead (12 damage)
             ... on level 4 of the Dungeon.
             The game lasted 00:04:57 (3657 turns).

spaghetti the Caller (Naga Summoner)                Turns: 3657, Time: 00:04:58

HP:   -9/39 (42)    AC:  2    Str: 10    XL:     5   Next: 90%
MP:   1/11          EV: 10    Int: 18    God:
Gold: 310           SH:  0    Dex: 18    Spells: 2/12 levels left

rFire   . . .        p - +2 long sword of Ash {speed, rPois Will- Dex+7}
rCold   . . .        (no shield)
rNeg    . . .        a - +0 robe
rPois   +            (no helmet)
rElec   .            (no cloak)
rCorr   .            (no gloves)
SInv    +            (no barding)
Will    .....        (no amulet)
Stlth   ++           (no ring)
HPRegen 0.26/turn    (no ring)
MPRegen 0.12/turn

%: no passive effects
@: very slightly contaminated, drained, inugami summoned, very slow
A: AC +1, large, see invisible, deformed body, poison resistance, slowness 2,
spit poison 1, naga tail 1
a: Spit Poison


You were on level 4 of the Dungeon.
You visited 1 branch of the dungeon, and saw 4 of its levels.

You collected 310 gold pieces.

Inventory:

Hand Weapons
 j - a +1 whip of electrocution
 p - the +2 long sword of Ash (weapon) {speed, rPois Will- Dex+7}
   (You found it on level 3 of the Dungeon)

   Dex+7:     It affects your dexterity (+7).
   rPois:     It protects you from poison Will-: It decreases your willpower.
Armour
 a - a +0 robe (worn)
Magical Staves
 e - a staff of alchemy
Jewellery
 g - a ring of protection from fire
 h - a ring of ice
Scrolls
 c - 3 scrolls of noise
 k - a scroll of revelation
 m - a scroll of fear
 o - a scroll of identify
 q - a scroll of amnesia {unknown}
Potions
 b - a potion of magic
 d - a potion of berserk rage {unknown}
 f - 4 potions of lignification {unknown}
 i - a potion of enlightenment {unknown}
 l - 2 potions of heal wounds {unknown}
 n - a potion of cancellation {unknown}


   Skills:
 - Level 1.5 Dodging
 - Level 3.0 Stealth
 + Level 4.0 Spellcasting
 + Level 5.6 Summonings


You had 2 spell levels left.
You knew the following spells:

 Your Spells              Type           Power      Damage    Failure   Level
a - Summon Small Mammal   Summ           96%        N/A       1%          1
b - Call Imp              Summ           48%        N/A       2%          2
c - Call Canine Familiar  Summ           24%        N/A       4%          3
d - Animate Dead          Necr           3%         N/A       82%         4

Your spell library contained the following spells:

 Spells                   Type           Power      Damage    Failure   Level
 Cigotuvi's Dreadful Rot  Necr/Alch/Air  6%         N/A       22%         2
 Summon Blazeheart Golem  Fire/Summ      13%        N/A       41%         4
 Summon Lightning Spire   Summ/Air       13%        N/A       41%         4
 Ignite Poison            Fire/Alch      3%         N/A       82%         4
 Freezing Cloud           Conj/Ice/Air   1%         6-21      99%         5
 Haunt                    Necr/Summ      6%         N/A       100%        7
 Infestation              Necr           1%         N/A       100%        8


Dungeon Overview and Level Annotations

Branches:
Dungeon (4/15)
 Temple: D:4-7

Altars:

Shops:
D:1 ([[


Innate Abilities, Weirdness & Mutations

Your serpentine skin is tough. (AC +1)
You have supernaturally acute eyesight. (SInv)
Armour fits poorly on your strangely shaped body.
Your system is resistant to poisons. (rPois)
You cover ground very slowly.
You can spit poison.
You have a snake-like lower body.


Message History

Unknown command.
You start resting.
Your quokka disappears in a puff of smoke! x2
Your cerulean imp disappears in a puff of smoke!
A quokka comes into view.
A quokka is nearby!
A quokka is nearby!
A quokka is nearby!
A quokka is nearby!
You swap places.
You swap places.
The quokka bites you. The quokka barely misses you.
Your inugami hits the quokka but does no damage.
You are too injured to fight recklessly!
You hit the quokka.
The quokka is lightly wounded.
The quokka misses you.
Your inugami hits the quokka. You completely miss the quokka.
The quokka is moderately wounded.
The orc shouts!
The quokka closely misses you.
You barely miss the quokka.
The quokka is moderately wounded.
The quokka bites you but does no damage.
Your inugami hits the quokka!
The quokka dies!
Your inugami barely misses the orc.
You see here a quokka corpse.
Casting: Summon Small Mammal (safe; 1% risk of failure)
Confirm with . or Enter, or press ? or * to list all spells.
You miscast Animate Dead.
You are very lightly contaminated with residual magic.
You hear strange and distant voices!!
You feel drained.
* * * LOW HITPOINT WARNING * * *
The orc hits your inugami but does no damage.
Your inugami closely misses the orc.
Unknown command.
Casting: Animate Dead (astonishingly dangerous; 82% risk of failure)
Confirm with . or Enter, or press ? or * to list all spells.
You miscast Animate Dead.
Pain shoots through your body!
You feel drained.
You die...

.# ###.# ....#
#.#.#
###.#.#####
#....$.....
#######..@...#
#............#
#.#####....h.#
#.# #.....o#
#.# ###.##.#
#.# #[# ...
#.# #.# ##...
#.# #.. .#.
#.# ### .


You could see an orc (ally target) and a friendly inugami (summoned).

Vanquished Creatures
  An orc priest (D:3)
  A nameless horror (D:3)
  2 ribbon worms (D:3)
  3 orcs
  3 bats
  2 endoplasms
  2 giant cockroaches
  6 goblins
  A quokka (D:1)
  3 ball pythons (D:3)
  A frilled lizard (D:1)
  3 kobolds
  2 rats (D:1)
30 creatures vanquished.

Vanquished Creatures (collateral kills)
  A phantom (D:4)
  4 gnolls (D:2)
  A dart slug (D:2)
  A ribbon worm (D:2)
  3 orcs (D:3)
  An endoplasm (D:2)
  3 goblins (D:1)
  2 hobgoblins
  4 kobolds
  2 quokkas
  2 ball pythons
  A bat (D:3)
  2 frilled lizards
  2 rats
29 creatures vanquished.

Grand Total: 59 creatures vanquished

Notes
Turn   | Place    | Note
-------+----------+-------------------------------------------
     0 | D:1      | spaghetti the Naga Summoner began the quest for the Orb.
     0 | D:1      | Reached XP level 1. HP: 15/15 MP: 3/3
    77 | D:1      | Found Xoimown's Antique Armour Emporium.
   159 | D:1      | Found Laecwon's Antique Armour Boutique.
   192 | D:1      | Found Gixtiurch's Weapon Boutique.
   274 | D:1      | Reached XP level 2. HP: 21/22 MP: 1/5
   378 | D:1      | Learned a level 2 spell: Call Imp
  1090 | D:2      | Reached XP level 3. HP: 27/28 MP: 1/6
  1357 | D:2      | Learned a level 3 spell: Call Canine Familiar
  1525 | D:2      | Found a faded altar of an unknown god.
  1705 | D:2      | Reached XP level 4. HP: 18/36 MP: 2/8
  2149 | D:3      | Reached skill level 5 in Summonings
  2820 | D:3      | Identified the +2 long sword of Ash {speed, rPois Will-
                  | Dex+7}
  3292 | D:3      | Reached XP level 5. HP: 17/42 MP: 4/10
  3497 | D:3      | Learned a level 4 spell: Animate Dead
  3603 | D:4      | Noticed a phantom
  3614 | D:4      | Killed a phantom
  3657 | D:4      | Killed by miscasting Animate Dead

Illustrated notes

Levels and vault maps discovered:
D:1:      saegor_arrival_simple_c, layout_loops_ring, serial_shops, shop_coins,
          shop, nicolae_shop_peninsula, minmay_fountain_box,
          hangedman_glass_teeth
D:2:      layout_rooms, basic_ecumenical_altar, minmay_misc_feat_tiny,
          grunt_ministairs_1, kennysheep_generic_room_10
D:3:      layout_basic, amethyst_killhole, serial_park_tiny_2
D:4:      layout_loops_ring, tgw_kikubaaqudgha, lemuel_zombie_altar_yredelemnul,
          gammafunk_ghost_arena

Skill      XL: |  1  2  3  4  5 |
---------------+----------------+-----
Spellcasting   | 3 4 |  4.0
Summonings     | 5 |  5.6
Dodging        | |  1.5
Stealth        | |  3.0

Action                     |  1- 3 |  4- 6 || total
---------------------------+-------+-------++-------
  Melee: Unarmed           |    37 |       ||    37
         Staff             |    27 |       ||    27
         Punch             |     1 |     1 ||     2
         Whip              |       |    47 ||    47
         Long sword        |       |    19 ||    19
   Cast: Summon Small Mamm |    36 |     9 ||    45
         Call Imp          |    11 |    13 ||    24
         Call Canine Famil |     2 |     9 ||    11
Ability: Spit Poison       |     7 |       ||     7
    Use: Scroll            |     4 |       ||     4
   Stab: Distracted        |       |     2 ||     2
         Sleeping          |       |     2 ||     2
 Armour: Robe              |    59 |    50 ||   109
  Dodge: Dodged            |    39 |    43 ||    82
